RES
DEE WHY KANGAROOS @ LIDCOMBE SWANS
05/09/2022
 
TOP OF THE 1ST
Dee Why Kangaroos batting - Pitching for Lidcombe Swans : RHP Vaughn Cooke
Pitching: RHP Vaughn Cooke
Batting: RHB Angelo Frawley 0-0: Called Strike
0-1: Foul Ball, location: 9LDF
0-2: Ball
1-2: Ball
2-2: Strikes out swinging
Batting: LHB Ray Sewell 0-0: Ball
1-0: Ball
2-0: Ball
3-0: Called Strike
3-1: Foul Ball, location: 2F
3-2: SINGLE (Line Drive, 3D, EV 110.0 MPH)
Batting: RHB Koby Bateman 0-0: Called Strike
0-1: Grounds into double play, 4-6-3 (Groundball, 34, EV 82.5 MPH)
Top of the 1st over - 0 runs, 1 hit, 0 errors, 0 left on base; Dee Why 0 - Lidcombe 0
BOTTOM OF THE 1ST
Lidcombe Swans batting - Pitching for Dee Why Kangaroos : RHP Bill Loosemoor
Pitching: RHP Bill Loosemoor
Batting: RHB Kurtis Hetherington 0-0: Fly out, F7 (Flyball, 78S, EV 88.8 MPH)
Batting: LHB Denis Wych 0-0: Ball
1-0: SINGLE (Groundball, 4, EV 102.5 MPH)
Batting: LHB Tony Bellett 0-0: Called Strike
Denis Wych is caught stealing 2nd base 2-6
0-1: Ball
1-1: Foul Ball, location: 23F
1-2: Foul Ball, location: 7LSF
1-2: Ball
2-2: Ball
3-2: Strikes out looking
Bottom of the 1st over - 0 runs, 1 hit, 0 errors, 0 left on base; Dee Why 0 - Lidcombe 0
TOP OF THE 2ND
Dee Why Kangaroos batting - Pitching for Lidcombe Swans : RHP Vaughn Cooke
Batting: LHB Daniel Bibby 0-0: Ball
1-0: Ball
2-0: Ground out 5-3 (Groundball, 56, EV 96.9 MPH)
Batting: RHB Eric Branighan 0-0: Swinging Strike
0-1: Swinging Strike
0-2: Fly out, F7 (Flyball, 78M, EV 96.9 MPH)
Batting: LHB Josh Cordner 0-0: Ball
1-0: Ball
2-0: Foul Ball, location: 2F
2-1: Ball
3-1: Base on Balls
Batting: LHB Matthew Kenton 0-0: Called Strike
0-1: Swinging Strike
0-2: Ball
1-2: Ground out 4-3 (Groundball, 34, EV 106.3 MPH)
Top of the 2nd over - 0 runs, 0 hits, 0 errors, 1 left on base; Dee Why 0 - Lidcombe 0
BOTTOM OF THE 2ND
Lidcombe Swans batting - Pitching for Dee Why Kangaroos : RHP Bill Loosemoor
Batting: LHB Reegan Meggison 0-0: Ball
1-0: Swinging Strike
1-1: Fly out, F8 (Line Drive, 8LM, EV 90.0 MPH)
Batting: LHB Zachariah Folkes 0-0: Ball
1-0: Ball
2-0: Ball
3-0: Called Strike
3-1: Swinging Strike
3-2: Foul Ball, location: 7LSF
3-2: Ground out 5-3 (Groundball, 15, EV 84.4 MPH)
Batting: LHB Cal Sheldrake 0-0: Ball
1-0: Ball
2-0: Called Strike
2-1: Ball
3-1: SOLO HOME RUN (Flyball, 9LD, EV 96.3 MPH), Distance : 347 ft
Batting: RHB Karmichael Heighway 0-0: Foul Ball, location: 3F
0-1: Swinging Strike
0-2: Ball
1-2: Foul Ball, location: 2F
1-2: Ball
2-2: Ball
3-2: Foul Ball, location: 3SF
3-2: Ground out 6-3 (Groundball, 6, EV 83.1 MPH)
Bottom of the 2nd over - 1 run, 1 hit, 0 errors, 0 left on base; Dee Why 0 - Lidcombe 1
TOP OF THE 3RD
Dee Why Kangaroos batting - Pitching for Lidcombe Swans : RHP Vaughn Cooke
Batting: RHB Willie Petherham 0-0: DOUBLE (Groundball, 5L, EV 103.1 MPH)
Batting: RHB Daniel Shaw 0-0: Ball
1-0: Called Strike
1-1: Ball
2-1: Ball
3-1: Fly out, F7 (Flyball, 7D, EV 106.9 MPH)
Runner from 2nd tags up, SAFE at 3rd, no throw by LF
Batting: RHB Angelo Frawley 0-0: Called Strike
0-1: Ball
1-1: Ball
2-1: Fly out, F8 (Flyball, 8RD, EV 94.4 MPH)
Runner from 3rd tags up, SCORES, throw by CF
Batting: LHB Ray Sewell 0-0: Ball
1-0: Swinging Strike
1-1: Ground out 1-3 (Groundball, 15, EV 68.8 MPH)
Top of the 3rd over - 1 run, 1 hit, 0 errors, 0 left on base; Dee Why 1 - Lidcombe 1
BOTTOM OF THE 3RD
Lidcombe Swans batting - Pitching for Dee Why Kangaroos : RHP Bill Loosemoor
Batting: SHB Chris Martyn 0-0: Called Strike
0-1: Foul Ball, location: 25F
0-2: Foul Ball, location: 25FF
0-2: Fly out, F7 (Flyball, 7LS, EV 92.5 MPH)
Batting: RHB John Goodall 0-0: Ball
1-0: Called Strike
1-1: Ball
2-1: Swinging Strike
2-2: Ground out 1-3 (Groundball, 13S, EV 70.6 MPH)
Batting: RHB Kurtis Hetherington 0-0: Ball
1-0: Ball
2-0: Called Strike
2-1: Foul Ball, location: 2F
2-2: Ball
3-2: Base on Balls
Batting: LHB Denis Wych 0-0: Called Strike
0-1: Ball
1-1: Called Strike
1-2: Fly out, F8 (Flyball, 89M, EV 98.1 MPH)
Bottom of the 3rd over - 0 runs, 0 hits, 0 errors, 1 left on base; Dee Why 1 - Lidcombe 1
TOP OF THE 4TH
Dee Why Kangaroos batting - Pitching for Lidcombe Swans : RHP Vaughn Cooke
Batting: RHB Koby Bateman 0-0: Ball
1-0: Foul Ball, location: 9LSF
1-1: Called Strike
1-2: Ball
2-2: Ball
3-2: Foul Ball, location: 2F
3-2: Base on Balls
Batting: LHB Daniel Bibby 0-0: Called Strike
0-1: Ball
1-1: Swinging Strike
1-2: Strikes out swinging
Batting: RHB Eric Branighan 0-0: Called Strike
0-1: SINGLE (Line Drive, 7S, EV 93.8 MPH)
Koby Bateman to second
Batting: LHB Josh Cordner 0-0: Ball
1-0: Ball
2-0: Ball
3-0: Base on Balls
Koby Bateman to third
Eric Branighan to second
Batting: LHB Matthew Kenton 0-0: SINGLE (Line Drive, 4MD, EV 98.8 MPH)
Koby Bateman scores
Eric Branighan to third
Josh Cordner to second
Runner from 3rd tries for Home, SAFE, throw by CF to home
Batting: RHB Willie Petherham 0-0: Ball
1-0: Ball
2-0: Fielders Choice at 2nd, 1-4 (Groundball, 15, EV 69.4 MPH)
Josh Cordner to third
Batting: RHB Daniel Shaw 0-0: Ball
1-0: Swinging Strike
1-1: Foul Ball, location: 2RF
1-2: Foul Ball, location: 2F
1-2: Ball
2-2: Ball
3-2: Base on Balls
Willie Petherham to second
Batting: RHB Angelo Frawley 0-0: Foul Ball, location: 2F
0-1: Swinging Strike
0-2: Ball
1-2: Ball
2-2: Strikes out looking
Top of the 4th over - 2 runs, 2 hits, 0 errors, 3 left on base; Dee Why 3 - Lidcombe 1
BOTTOM OF THE 4TH
Lidcombe Swans batting - Pitching for Dee Why Kangaroos : RHP Bill Loosemoor
Batting: LHB Tony Bellett 0-0: Ball
1-0: Foul Ball, location: 7LSF
1-1: SOLO HOME RUN (Flyball, 7D, EV 98.1 MPH), Distance : 359 ft
Batting: LHB Reegan Meggison 0-0: Ball
1-0: Ball
2-0: Ball
3-0: Called Strike
3-1: Foul Ball, location: 9LDF
3-2: Ground out 4-3 (Groundball, 34, EV 93.1 MPH)
Batting: LHB Zachariah Folkes 0-0: Ball
1-0: Foul Ball, location: 3F
1-1: Ball
2-1: Ball
3-1: Base on Balls
Batting: LHB Cal Sheldrake 0-0: SINGLE (Groundball, 4MD, EV 102.5 MPH)
Zachariah Folkes to second
Batting: RHB Karmichael Heighway 0-0: SINGLE (Groundball, 34D, EV 109.4 MPH)
Zachariah Folkes to third
Cal Sheldrake to second
Throwing error, E9
Zachariah Folkes scores
Cal Sheldrake to third
Karmichael Heighway to second
Batting: SHB Chris Martyn 0-0: Called Strike
0-1: Ball
1-1: Ball
2-1: Foul Ball, location: 2F
2-2: Foul Ball, location: 7LMF
2-2: Strikes out swinging
Batting: RHB John Goodall 0-0: Fly out, F7 (Line Drive, 7S, EV 100.0 MPH)
Bottom of the 4th over - 2 runs, 3 hits, 1 error, 2 left on base; Dee Why 3 - Lidcombe 3
TOP OF THE 5TH
Dee Why Kangaroos batting - Pitching for Lidcombe Swans : RHP Vaughn Cooke
Batting: LHB Ray Sewell 0-0: Ball
1-0: Foul Ball, location: 2F
1-1: Ball
2-1: Called Strike
2-2: Fly out, F8 (Line Drive, 8LD, EV 98.1 MPH)
Batting: RHB Koby Bateman 0-0: Called Strike
0-1: Swinging Strike
0-2: Ball
1-2: Ball
2-2: Ball
3-2: Base on Balls
Batting: LHB Daniel Bibby 0-0: Ball
1-0: Called Strike
1-1: Foul Ball, location: 2F
1-2: Strikes out looking
Batting: RHB Eric Branighan 0-0: Ball
Koby Bateman is caught stealing 2nd base 2-4
Top of the 5th over - 0 runs, 0 hits, 0 errors, 0 left on base; Dee Why 3 - Lidcombe 3
BOTTOM OF THE 5TH
Lidcombe Swans batting - Pitching for Dee Why Kangaroos : RHP Bill Loosemoor
Pitching: RHP Efrain Kilroy
Batting: RHB Kurtis Hetherington 0-0: Foul Ball, location: 9LSF
0-1: Ball
1-1: Ball
2-1: Called Strike
2-2: Ball
3-2: Foul Ball, location: 2F
3-2: Strikes out swinging
Batting: LHB Denis Wych 0-0: Ball
1-0: Ball
2-0: Ball
3-0: Called Strike
3-1: DOUBLE (Flyball, 78XD, EV 92.5 MPH)
Batting: LHB Tony Bellett 0-0: Called Strike
0-1: Ball
1-1: Ball
Denis Wych steals 3rd base (no throw)
2-1: Ball
3-1: Fly out, F7 (Flyball, 7, EV 76.9 MPH)
Runner from 3rd tags up, SCORES, throw by LF
Batting: LHB Reegan Meggison 0-0: Foul Ball, location: 7LMFF
0-1: Ball
1-1: Ball
2-1: Ball
3-1: Base on Balls
Batting: LHB Zachariah Folkes 0-0: Called Strike
0-1: Ball
1-1: Ball
2-1: SINGLE (Line Drive, 78S, EV 85.6 MPH)
Reegan Meggison to second
Batting: LHB Cal Sheldrake 0-0: Called Strike
0-1: Ball
1-1: Swinging Strike
1-2: Ball
2-2: Foul Ball, location: 2F
2-2: Strikes out swinging
Bottom of the 5th over - 1 run, 2 hits, 0 errors, 2 left on base; Dee Why 3 - Lidcombe 4
TOP OF THE 6TH
Dee Why Kangaroos batting - Pitching for Lidcombe Swans : RHP Vaughn Cooke
Batting: RHB Eric Branighan 0-0: Called Strike
0-1: Swinging Strike
0-2: Ball
1-2: Ball
2-2: Ball
3-2: Foul Ball, location: 2F
3-2: Foul Ball, location: 5DF
3-2: Foul Ball, location: 2F
3-2: Base on Balls
Pitching: RHP Tim Scroggs
Batting: LHB Josh Cordner 0-0: Swinging Strike
0-1: Bunt missed!
0-2: Fly out, F3 (Popup, 3SF, EV 47.5 MPH)
Batting: LHB Matthew Kenton 0-0: Called Strike
0-1: SINGLE (Line Drive, 89M, EV 91.9 MPH)
Eric Branighan to second
Batting: RHB Willie Petherham 0-0: Fly out, F7 (Line Drive, 7LM, EV 94.4 MPH)
Pinch Hitting: RHB Daniel Hammett 0-0: Fly out, F6 (Popup, 6M, EV 54.4 MPH)
Top of the 6th over - 0 runs, 1 hit, 0 errors, 2 left on base; Dee Why 3 - Lidcombe 4
BOTTOM OF THE 6TH
Lidcombe Swans batting - Pitching for Dee Why Kangaroos : RHP Efrain Kilroy
Now at SS: Jon Streeter
Batting: RHB Karmichael Heighway 0-0: Called Strike
0-1: Fly out, F3 (Line Drive, 3, EV 65.6 MPH)
Batting: SHB Chris Martyn 0-0: Fly out, F8 (Flyball, 8LD, EV 110.0 MPH)
Batting: RHB John Goodall 0-0: Ball
1-0: Called Strike
1-1: Called Strike
1-2: Ball
2-2: Strikes out swinging
Bottom of the 6th over - 0 runs, 0 hits, 0 errors, 0 left on base; Dee Why 3 - Lidcombe 4
TOP OF THE 7TH
Dee Why Kangaroos batting - Pitching for Lidcombe Swans : RHP Tim Scroggs
Batting: RHB Angelo Frawley 0-0: Foul Ball, location: 9LSF
0-1: Ball
1-1: Foul Ball, location: 25F
1-2: Strikes out swinging
Batting: LHB Ray Sewell 0-0: Called Strike
0-1: Ball
1-1: Ball
2-1: Foul Ball, location: 25FF
2-2: Ball
3-2: SINGLE (Line Drive, 8RS, EV 90.0 MPH)
Batting: RHB Koby Bateman 0-0: Ball
1-0: SINGLE (Groundball, 34D, EV 106.3 MPH)
Ray Sewell to second
Pitching: LHP Jerod Brett
Batting: LHB Daniel Bibby 0-0: Ball
1-0: SINGLE (Groundball, 6MD, EV 104.4 MPH)
Ray Sewell to third
Koby Bateman to second
Runner from 3rd tries for Home, throw by CF and OUT! 8-2
Batting: RHB Eric Branighan 0-0: Ball
1-0: Ball
2-0: Ball
3-0: Base on Balls
Koby Bateman to third
Daniel Bibby to second
Batting: LHB Josh Cordner 0-0: Fly out, F8 (Flyball, 78S, EV 90.6 MPH)
Top of the 7th over - 0 runs, 3 hits, 0 errors, 3 left on base; Dee Why 3 - Lidcombe 4
BOTTOM OF THE 7TH
Lidcombe Swans batting - Pitching for Dee Why Kangaroos : RHP Efrain Kilroy
Batting: RHB Kurtis Hetherington 0-0: Called Strike
0-1: Ball
1-1: Ball
2-1: Foul Ball, location: 2F
2-2: Ground out 5-3 (Groundball, 56S, EV 95.0 MPH)
Batting: LHB Denis Wych 0-0: Ball
1-0: Foul Ball, location: 2F
1-1: SOLO HOME RUN (Flyball, 9D, EV 98.1 MPH), Distance : 368 ft
Batting: LHB Tony Bellett 0-0: Ball
1-0: SOLO HOME RUN (Line Drive, 9D, EV 109.4 MPH), Distance : 408 ft
Pitching: LHP Bradford Carew
Batting: LHB Reegan Meggison 0-0: Called Strike
0-1: Foul Ball, location: 5F
0-2: Foul Ball, location: 2F
0-2: Ground out 6-3 (Groundball, 6, EV 83.8 MPH)
Batting: LHB Zachariah Folkes 0-0: Foul Ball, location: 2F
0-1: Ball
1-1: Ground out U3 (Groundball, 3, EV 106.9 MPH)
Bottom of the 7th over - 2 runs, 2 hits, 0 errors, 0 left on base; Dee Why 3 - Lidcombe 6
TOP OF THE 8TH
Dee Why Kangaroos batting - Pitching for Lidcombe Swans : LHP Jerod Brett
Batting: LHB Matthew Kenton 0-0: Ball
1-0: Called Strike
1-1: Swinging Strike
1-2: Ground out 6-3 (Groundball, 6, EV 84.4 MPH)
Batting: RHB Willie Petherham 0-0: Called Strike
0-1: Called Strike
0-2: Ball
1-2: Strikes out swinging
Batting: RHB Jon Streeter 0-0: Called Strike
0-1: Foul Ball, location: 9LSF
0-2: Foul Ball, location: 7LDF
0-2: Ball
1-2: Foul Ball, location: 5DF
1-2: Foul Ball, location: 7LMF
1-2: Foul Ball, location: 5FF
1-2: Foul Ball, location: 2F
1-2: Foul Ball, location: 2F
1-2: DOUBLE (Flyball, 89D, EV 110.6 MPH)
Batting: RHB Angelo Frawley 0-0: Fly out, F4 (Line Drive, 4M, EV 67.5 MPH)
Top of the 8th over - 0 runs, 1 hit, 0 errors, 1 left on base; Dee Why 3 - Lidcombe 6
BOTTOM OF THE 8TH
Lidcombe Swans batting - Pitching for Dee Why Kangaroos : LHP Bradford Carew
Batting: LHB Cal Sheldrake 0-0: Ball
1-0: SINGLE (Line Drive, 8LS, EV 99.4 MPH)
Batting: RHB Karmichael Heighway 0-0: Ball
1-0: Ball
2-0: Ball
3-0: Base on Balls
Cal Sheldrake to second
Batting: SHB Chris Martyn 0-0: Foul Ball, location: 9LDF
0-1: Ball
1-1: Ball
2-1: Ball
3-1: Foul Ball, location: 25F
3-2: Fly out, F4 (Popup, 34S, EV 80.0 MPH)
Batting: RHB John Goodall 0-0: Ball
1-0: Foul Ball, location: 9LSF
1-1: 3-RUN HOME RUN (Flyball, 78XD, EV 98.8 MPH), Distance : 387 ft
Batting: RHB Kurtis Hetherington 0-0: Called Strike
0-1: Ball
1-1: SINGLE (Groundball, 4MD, EV 103.1 MPH)
Batting: LHB Denis Wych 0-0: Ball
Kurtis Hetherington is caught stealing 2nd base 2-6
1-0: Ball
2-0: Foul Ball, location: 2F
2-1: Ground out U3 (Groundball, 34, EV 80.0 MPH)
Bottom of the 8th over - 3 runs, 3 hits, 0 errors, 0 left on base; Dee Why 3 - Lidcombe 9
TOP OF THE 9TH
Dee Why Kangaroos batting - Pitching for Lidcombe Swans : LHP Jerod Brett
Batting: LHB Ray Sewell 0-0: Called Strike
0-1: Foul Ball, location: 3F
0-2: Strikes out swinging
Batting: RHB Koby Bateman 0-0: Ground out U3 (Groundball, 34S, EV 82.5 MPH)
Batting: LHB Daniel Bibby 0-0: Called Strike
0-1: Ball
1-1: Swinging Strike
1-2: Fly out, F5 (Popup, 5SF, EV 82.5 MPH)
Top of the 9th over - 0 runs, 0 hits, 0 errors, 0 left on base; Dee Why 3 - Lidcombe 9
Tuesday, April 30th , 2024 - OOTP Baseball 24.9 Build 80